 Dungeon Crawl Stone Soup version 0.19-a0-790-ge39e1af (webtiles) character file.

674 tyrsky the Ruffian (level 7, -2/61 HPs)
             Began as a White Draconian Transmuter on June 26, 2016.
             Slain by a killer bee (8 damage)
             ... on level 6 of the Dungeon.
             The game lasted 00:12:39 (2121 turns).

tyrsky the Ruffian (White Draconian Transmuter)     Turns: 2121, Time: 00:12:39

Health: -2/61      AC:  2    Str: 14    XL:     7   Next: 33%
Magic:  2/10       EV: 19    Int: 14    God:
Gold:   160        SH:  0    Dex: 16    Spells: 3 memorised, 4 levels left

rFire  + . .     SeeInvis .       - Unarmed
rCold  + . .     Gourm    .     (armour unavailable)
rNeg   . . .     Faith    .     (shield currently unavailable)
rPois  .         Spirit   .     (helmet currently unavailable)
rElec  +         Dismiss  .     (cloak currently unavailable)
rCorr  +         Reflect  .     (gloves currently unavailable)
SustAt .         Harm     .     (boots currently unavailable)
MR     .....                    u - amulet of magic regeneration
Stlth  +.........               (no ring)
                                (no ring)

@: lethally poisoned (-2 -> -7), spider-form (expiring), resistant, flying, very
slightly contaminated, not resistant to hostile enchantments, very unstealthy
A: (breathe frost), unfitting armour, (cold resistance 0), (cold-blooded), AC +6
a: End Transformation


You were on level 6 of the Dungeon.
You were not hungry.
You were a venomous arachnid creature.
You visited 1 branch of the dungeon, and saw 7 of its levels.

You collected 160 gold pieces.

Inventory:

Missiles
 a - 26 arrows
Jewellery
 u - an amulet of magic regeneration (around neck)
Wands
 h - a wand of confusion (38/48)
 k - a wand of teleportation (6/9)
 t - a wand of paralysis (13/24)
Scrolls
 d - a scroll of identify {@*1}
 e - 4 scrolls of teleportation
 v - a scroll of random uselessness {unknown}
Potions
 g - a potion of magic
 i - 2 potions of agility
 l - a potion of mutation
 m - a potion of flight
 p - a potion of resistance
 r - a potion of invisibility
Books
 b - a book of Changes

   Spells                             Type                      Level
   a - Beastly Appendage              Transmutation                1
   b - Sticks to Snakes               Transmutation                2
   c - Spider Form                    Transmutation/Poison         3
   d - Ice Form                       Ice/Transmutation            4
   e - Blade Hands                    Transmutation                5
 q - a book of Flames

   Spells                             Type                      Level
   a - Flame Tongue                   Conjuration/Fire             1
   b - Throw Flame                    Conjuration/Fire             2
   c - Conjure Flame                  Conjuration/Fire             3
   d - Inner Flame                    Hexes/Fire                   3
   e - Sticky Flame                   Conjuration/Fire             4
   f - Fireball                       Conjuration/Fire             5
Comestibles
 c - 2 bread rations
 f - 2 fruits
 n - a slice of pizza
 o - a beef jerky
 s - 2 meat rations


   Skills:
 + Level 5.0 Fighting
 - Level 1.7 Dodging
 + Level 5.4 Unarmed Combat
 - Level 2.0 Spellcasting
 + Level 5.1 Transmutations


You had 4 spell levels left.
You knew the following spells:

 Your Spells              Type           Power        Failure   Level  Hunger
a - Beastly Appendage     Tmut           ###...       10%         1    ##.....
b - Sticks to Snakes      Tmut           ###.....     14%         2    ###....
c - Spider Form           Tmut/Pois      #.........   45%         3    ####...


Dungeon Overview and Level Annotations

Branches:
Dungeon (7/15)
 Temple: D:4-7

Altars:
Ashenzari
Dithmenos
Fedhas
Hepliaklqana
Ru
Trog

Shops:
D:4 =

Annotations:
D:5 exclusion: orc, Duvessa


Innate Abilities, Weirdness & Mutations

((You can breathe waves of freezing cold.))
((You can buffet flying creatures when you breathe cold.))
((Your icy white scales are hard. (AC +6)))
Your body does not fit into most forms of armour.
((Your flesh is cold resistant. (rC+)))
((You are cold-blooded and may be slowed by cold attacks.))


Message History

Your Fighting skill increases to level 5!
The killer bee misses you. The killer bee closely misses you.
The killer bee misses you. The killer bee stings you.
* * * LOW HITPOINT WARNING * * *
You are poisoned.
The killer bee poisons you!
It was a potion of flight.
You feel very buoyant.
You fly up into the air.
* * * LOW HITPOINT WARNING * * *
You feel sick. The killer bee completely misses you.
The killer bee barely misses you.
Your ball python barely misses the killer bee.
Your ball python misses the killer bee.
The killer bee completely misses you. The killer bee misses you.
It was a potion of resistance.
You feel protected.
* * * LOW HITPOINT WARNING * * *
You feel sick. The killer bee stings you!
You die...

# ### .#
..##.#
#####....####
#...y........
#...ys.......
#....S.######
#........
#.......##
#.......#
#.......#
#........
#####.####


You could see 2 killer bees and a friendly ball python.

Vanquished Creatures
  3 ice beasts
  A phantom (D:6)
  A centaur (D:5)
  A killer bee (D:6)
  A crimson imp (D:6)
  A hound (D:5)
  A centaur skeleton (D:7)
  A worker ant (D:5)
  A hound zombie (D:5)
  A gnoll (D:7)
  An adder (D:4)
  5 orcs (D:3)
  3 bats
  3 giant cockroaches
  4 hobgoblins
  3 jackals (D:4)
  2 kobolds
  A quokka (D:4)
  A ball python (D:5)
  2 goblins
  5 rats
42 creatures vanquished.

Vanquished Creatures (collateral kills)
  2 adders
  A dart slug (D:3)
  A bat (D:2)
  3 rats (D:2)
7 creatures vanquished.

Grand Total: 49 creatures vanquished

Notes
Turn   | Place    | Note
--------------------------------------------------------------
     0 | D:1      | tyrsky the Draconian Transmuter began the quest for the Orb.
     0 | D:1      | Reached XP level 1. HP: 16/16 MP: 3/3
    68 | D:1      | Reached XP level 2. HP: 21/24 MP: 5/5
    90 | D:1      | Learned a level 2 spell: Sticks to Snakes
   508 | D:4      | Noticed an ogre
   549 | D:3      | Found a shadowy altar of Dithmenos.
   582 | D:2      | Reached XP level 3. HP: 11/29 MP: 2/6
   660 | D:3      | Learned a level 3 spell: Spider Form
  1043 | D:4      | Found Routs's Jewellery Shoppe.
  1065 | D:5      | Entered Level 5 of the Dungeon
  1070 | D:5      | Found a sacrificial altar of Ru.
  1084 | D:5      | Found a hazy altar of Hepliaklqana.
  1170 | D:4      | Found a blossoming altar of Fedhas.
  1181 | D:4      | Found a shattered altar of Ashenzari.
  1288 | D:5      | Reached XP level 4. HP: 35/37 MP: 7/7
  1297 | D:5      | Noticed a centaur
  1308 | D:5      | Killed a centaur
  1308 | D:5      | Reached XP level 5. HP: 18/45 MP: 6/8
  1395 | D:5      | Noticed an ice beast
  1474 | D:4      | You fall through a shaft!
  1597 | D:5      | Noticed Duvessa
  1626 | D:5      | Killed an ice beast
  1626 | D:5      | Reached XP level 6. HP: 33/52 MP: 4/9
  1827 | D:6      | Noticed an ice beast
  1839 | D:7      | Reached skill level 5 in Unarmed Combat
  1843 | D:7      | Noticed an ice beast
  1856 | D:7      | Found a bloodstained altar of Trog.
  2057 | D:7      | Noticed an ice beast
  2073 | D:7      | Killed an ice beast
  2073 | D:7      | Your scales start taking on an icy white colour.
  2073 | D:7      | Reached XP level 7. HP: 60/60 MP: 8/10
  2073 | D:7      | Gained mutation: Your flesh is cold resistant. (rC+) [White Draconian growth]
  2103 | D:7      | Reached skill level 5 in Transmutations
  2119 | D:6      | Reached skill level 5 in Fighting
  2121 | D:6      | Slain by a killer bee

Vault maps used:
D:1:      dpeg_arrival_windows_large_door
D:2:      overflow_temple_1_default, okawaru_trees_2
D:3:      nicolae_dithmenos_shadow_blocks, kennysheep_generic_room_14
D:4:      gammafunk_temple_overflow_statue, serial_shops, shop,
          grunt_qazlal_clouds, uniq_edmund
D:5:      nicolae_overflow_hidden_temple, first_bread, uniq_duvessa
D:6:      eat_drink_and_be_merry_uskayaw, uniq_prince_ribbit1
D:7:      kennysheep_little_box, old_standard_altar

Skill      XL: |  1  2  3  4  5  6  7 |
---------------+----------------------+-----
Fighting       | 2 3 4 5 |  5.0
Transmutations | 3 4 5 |  5.1
Unarmed Combat | 4 5 |  5.4
Dodging        | |  1.7
Spellcasting   | |  2.0

Action                   |  1- 3 |  4- 6 |  7- 9 || total
-------------------------+-------+-------+-------++-------
Melee: Unarmed           |   122 |    85 |    17 ||   224
       Tailslap          |     7 |     2 |     4 ||    13
       Kick              |     3 |       |       ||     3
       Headbutt          |       |     7 |       ||     7
       Punch             |       |       |     1 ||     1
 Cast: Sticks to Snakes  |     6 |    12 |     1 ||    19
       Beastly Appendage |     6 |     4 |       ||    10
       Spider Form       |     2 |    10 |     2 ||    14
Evoke: Wand              |       |     1 |       ||     1
  Use: Scroll            |     9 |     2 |       ||    11
       Potion            |     1 |       |     3 ||     4
 Stab: Sleeping          |     1 |       |       ||     1
       Confused          |       |     1 |       ||     1
  Eat: Chunk             |     3 |     1 |       ||     4
       Bread ration      |       |     1 |       ||     1
Armor: Skin              |    34 |     6 |     7 ||    47
Dodge: Dodged            |    79 |    75 |    27 ||   181
